 Dungeon Crawl Stone Soup version 0.28.0-62-gf88900778d (webtiles) character file.

Game seed: 5051735675948238730

14 Coron the Chopper (level 2, -2/27 HPs)
             Began as a Deep Dwarf Chaos Knight on Mar 16, 2023.
             Was a Plaything of Xom.
             Killed from afar by Sigmund (6 damage)
             ... with a puff of flame
             ... on level 2 of the Dungeon.
             The game lasted 00:02:25 (841 turns).

Coron the Chopper (Deep Dwarf Chaos Knight)          Turns: 841, Time: 00:02:25

Health: -2/27      AC:  5    Str: 15    XL:     2   Next: 31%
Magic:  2/2        EV: 11    Int: 12    God:    Xom [*.....]
Gold:   38         SH:  0    Dex: 12    Spells: 1/1 levels left

rFire   . . .      SeeInvis .   a - +0 hand axe (chaos)
rCold   . . .      Faith    .   (no shield)
rNeg    . . .      Spirit   .   b - +2 leather armour
rPois   +          Reflect  .   (no helmet)
rElec   .          Harm     .   (no cloak)
rCorr   .          Rampage  .   (no gloves)
Will    .....                   (no boots)
Stlth   +.........              (no amulet)
HPRegen 0.00/turn               f - ring of poison resistance
MPRegen 0.08/turn               (no ring)

@: confused
A: damage resistance, heal wounds, sense surroundings 1, no regeneration
a: Heal Wounds, Renounce Religion


You were on level 2 of the Dungeon.
You worshipped Xom.
You were a special plaything of Xom.
You visited 1 branch of the dungeon, and saw 2 of its levels.

You collected 38 gold pieces.

Inventory:

Hand Weapons
 a - a +0 hand axe of chaos (weapon)
Missiles
 e - a stone
Armour
 b - a +2 leather armour (worn)
Jewellery
 f - a ring of poison resistance (left hand)
Scrolls
 c - a scroll of blinking
 d - a scroll of amnesia {unknown}
 g - a scroll of summoning {unknown}
 h - a scroll of torment {unknown}


   Skills:
 + Level 2.9 Fighting
 + Level 3.5 Axes
 + Level 2.5 Armour
 + Level 1.5 Dodging


You had one spell level left.
You didn't know any spells.
Your spell library contained the following spells:

 Spells                   Type           Power      Damage    Failure   Level
 Magic Dart               Conj           0%         1d3       38%         1
 Call Imp                 Summ           0%         N/A       52%         2
 Mephitic Cloud           Conj/Pois/Air  0%         N/A       77%         3


Dungeon Overview and Level Annotations

Branches:
Dungeon (2/15)

Altars:

Annotations:
D:2 Sigmund


Innate Abilities, Weirdness & Mutations

You are resistant to damage.
You can heal yourself by infusing magical energy.
You passively map a small area around you.
You do not regenerate.


Message History

Xom is amused.
Nothing appears to happen.
Sigmund is heavily wounded.
The helpless Sigmund fails to defend himself.
You hit Sigmund.
Sigmund is severely wounded.
The helpless Sigmund fails to defend himself.
You hit Sigmund. You burn Sigmund.
Sigmund is severely wounded.
The helpless Sigmund fails to defend himself.
You hit Sigmund but do no damage.
Sigmund is severely wounded.
Sigmund is no longer paralysed.
Sigmund hits you but does no damage.
You hit Sigmund.
Sigmund's magic leaks into the air.
Sigmund is almost dead.
Sigmund casts a spell.
Sigmund flickers and vanishes!
Deactivating autopickup; reactivate with Ctrl-A.
You closely miss something. Something hits you!
You barely miss something.
You hear some strange, mumbled words.
A magic dart appears from out of thin air!
The magic dart hits you!
* * * LOW HITPOINT WARNING * * *
You miss something.
You hear some strange, mumbled words.
You are confused.
Something hits you.
* * * LOW HITPOINT WARNING * * *
You are too confused!
You are too confused!
You aren't carrying any potions.
You aren't carrying any potions.
You hit something but do no damage. Something hits you but does no damage.
You completely miss something.
You hear some strange, mumbled words.
A puff of flame appears from out of thin air!
The puff of flame hits you!
You die... "It was about time."

, #.#.## #........ *,
#........###.### *,*
###.########.## * * ##+##
#...# ** , ##...## #...# * ,*
##.....## #...# ,* *
##.......## ##..## *
*,...####.........####...#
,,,,
,......{@................ ,
**,,,...####.................
* , *,,* ##./.....#.###..#)
,, *, , *,* ##.....##.# #....
* ,*,* ##...###.#####.. ,**,*
* ##'## #....>... *, *,*,*
#.# #######.# * ** *, #.# #.#
,, , * *#.** #.#


There were no monsters in sight!

Vanquished Creatures
  2 bats (D:1)
  2 endoplasms (D:1)
  2 goblins (D:1)
  A hobgoblin (D:2)
  A quokka (D:1)
  3 kobolds
  2 rats
13 creatures vanquished.

Notes
Turn   | Place    | Note
-------+----------+-------------------------------------------
     0 | D:1      | Coron the Deep Dwarf Chaos Knight began the quest for the
                  | Orb.
     0 | D:1      | Reached XP level 1. HP: 20/20 MP: 1/1
    57 | D:1      | You fall into a shaft and drop 1 floor!
   286 | D:1      | Reached XP level 2. HP: 24/27 MP: 2/2
   660 | D:1      | XOM: cloud trail
   685 | D:1      | XOM: god gift: marble ring {god gift}
   822 | D:2      | Noticed Sigmund
   822 | D:2      | XOM: divination: magic mapping
   823 | D:2      | XOM: enchant monster (good)
   841 | D:2      | Killed from afar by Sigmund

Illustrated notes

Levels and vault maps discovered:
D:1:      elethiomel_arrival_quiet, layout_basic
D:2:      layout_loops_corners, uniq_sigmund

Action                   || total
-------------------------++-------
Melee: Hand axe          ||    56
       Punch             ||     2
  Use: Scroll            ||     2
 Stab: Paralysed         ||     6
Armor: Leather armour    ||    19
Dodge: Dodged            ||    24
